 Dungeon Crawl Stone Soup version 0.19.4 (webtiles) character file.

179 Minion the Chopper (level 5, -3/45 HPs)
             Began as a Draconian Fighter on Feb 2, 2017.
             Slain by a big kobold
             ... wielding a +1 dagger of speed
              (5 damage)
             ... on level 3 of the Dungeon.
             The game lasted 00:06:44 (2714 turns).

Minion the Chopper (Draconian Fighter)              Turns: 2714, Time: 00:06:44

Health: -3/45      AC:  5    Str: 18    XL:     5   Next: 33%
Magic:  5/5        EV: 12    Int:  8    God:
Gold:   185        SH:  0    Dex: 12    Spells: 0 memorised, 4 levels left

rFire  . . .     SeeInvis .     a - +0 war axe
rCold  . . .     Gourm    +     (armour unavailable)
rNeg   . . .     Faith    .     (no shield)
rPois  .         Spirit   .     (helmet restricted)
rElec  .         Reflect  .     (no cloak)
rCorr  .         Harm     .     (no gloves)
MR     .....                    (no boots)
Stlth  +.........               g - amulet of the gourmand
                                (no ring)
                                h - ring of wizardry

@: drained
A: unfitting armour, cold-blooded, AC +5
a: no special abilities


You were on level 3 of the Dungeon.
You were completely stuffed.

You visited 1 branch of the dungeon, and saw 3 of its levels.

You collected 185 gold pieces.

Inventory:

Hand Weapons
 a - a +0 war axe (weapon)
Armour
 b - a +0 shield
Jewellery
 g - an amulet of the gourmand (around neck)
 h - a ring of wizardry (left hand)
Scrolls
 e - a scroll of identify {unknown}
 f - a scroll of fog {unknown}
 i - a scroll of magic mapping {unknown}
 j - a scroll of enchant weapon {unknown}
 k - a scroll of blinking {unknown}
 l - 2 scrolls of enchant armour {unknown}
 p - a scroll of random uselessness {unknown}
Potions
 c - a potion of might
 m - 4 potions of curing {unknown}
 o - a potion of berserk rage {unknown}
 q - a potion of heal wounds {unknown}
 s - a potion of flight {unknown}
Comestibles
 d - 3 bread rations
 n - a meat ration
 r - a slice of pizza
 t - 5 chunks of flesh
 u - a beef jerky


   Skills:
 - Level 3.2(2.7) Fighting
 + Level 5.6(5.0) Axes
 - Level 2.6(2.1) Dodging
 - Level 0.2(0.0) Stealth
 - Level 3.0(2.4) Shields


You had 4 spell levels left.
You didn't know any spells.

Dungeon Overview and Level Annotations

Branches:
Dungeon (3/15)

Altars:


Innate Abilities, Weirdness & Mutations

Your plain brown scales are hard. (AC +5)
You cannot fit into any form of body armour.
You are cold-blooded and may be slowed by cold attacks.


Message History

You barely miss the big kobold.
Your tail-slap misses the big kobold.
The big kobold is heavily wounded.
The big kobold closely misses you.
You closely miss the big kobold.
Your tail-slap misses the big kobold.
The big kobold is heavily wounded.
The big kobold completely misses you.
The big kobold hits you with a dagger of speed.
* * * LOW HITPOINT WARNING * * *
You closely miss the big kobold.
The big kobold is heavily wounded.
The big kobold hits you with a dagger of speed.
* * * LOW HITPOINT WARNING * * *
The big kobold hits you but does no damage.
You barely miss the big kobold.
The big kobold is heavily wounded.
The big kobold closely misses you.
You closely miss the big kobold.
The big kobold is heavily wounded.
The big kobold hits you with a dagger of speed.
You die...

#..............####.........# ##
#.........#...#####.........####
#####..........)......(.........
###.##.##.#####≈≈≈..#.........
#...#..##..##≈≈≈≈≈≈≈≈≈#.######
.......#.####..≈≈≈≈≈≈≈≈######...#
..............####≈≈≈###.........
.......######..)K#####.......#
.(.....# #..)@)...)..######
##.##### #.###)...)### #. #.#
####### # ..# #.## .. #.#


You could see a big kobold.

Vanquished Creatures
  A big kobold (D:3)
  3 adders (D:2)
  2 worms
  2 dart slugs (D:1)
  4 leopard geckos
  3 orcs (D:3)
  3 giant cockroaches (D:2)
  5 goblins
  7 hobgoblins
  A quokka (D:3)
  4 ball pythons
  9 bats
  3 frilled lizards
  12 kobolds
  7 rats
66 creatures vanquished.

Notes
Turn   | Place    | Note
-------+----------+-------------------------------------------
     0 | D:1      | Minion the Draconian Fighter began the quest for the Orb.
     0 | D:1      | Reached XP level 1. HP: 19/19 MP: 1/1
   124 | D:1      | Reached XP level 2. HP: 16/26 MP: 2/2
   433 | D:1      | Reached skill level 3 in Axes
   640 | D:1      | You fall through a shaft!
   836 | D:2      | Reached XP level 3. HP: 9/31 MP: 3/3
  1801 | D:2      | Reached skill level 4 in Axes
  2003 | D:2      | Reached XP level 4. HP: 31/38 MP: 4/4
  2682 | D:3      | Noticed a big kobold
  2682 | D:3      | Noticed a big kobold
  2705 | D:3      | Killed a big kobold
  2705 | D:3      | Reached skill level 5 in Axes
  2705 | D:3      | Reached XP level 5. HP: 11/45 MP: 5/5
  2712 | D:3      | HP: 2/45 [big kobold/dagger of speed (3)]
  2714 | D:3      | Slain by a big kobold

Skill      XL: |  1  2  3  4 |
---------------+-------------+-----
Axes           | 3 4 5 |  5.6
Fighting       | |  3.2
Dodging        | |  2.6
Stealth        | |  0.2
Shields        | |  3.0

Action                   |  1- 3 |  4- 6 || total
-------------------------+-------+-------++-------
Melee: War axe           |   137 |    69 ||   206
       Tailslap          |    11 |     8 ||    19
  Use: Potion            |     1 |       ||     1
       Scroll            |     1 |       ||     1
 Stab: Sleeping          |       |     1 ||     1
  Eat: Chunk             |     9 |     8 ||    17
Armor: Skin              |    64 |    25 ||    89
Dodge: Dodged            |   136 |    64 ||   200
